Map: Magma Mines

Players

Loken

  • Race: Zerg Zerg
  • League: Platinum
  • Spawn Location: 11:00

dallaskuken

  • Race: Protoss Protoss
  • League: Platinum
  • Spawn Location: 9:00

BartelB

  • Race: Terran Terran
  • Spawn Location: 1:00

BubBaKuSh

  • Race: Terran Terran
  • Spawn Location: 3:00

VOD

Have the link to the VOD?

Description

Time

  • Played on: March 28, 2017, 5:04 p.m.
  • Length: 18:51
Show
View Real Time Build Order
Export as new Build Order

Loken Zerg 

Build Orders: Hatch First 

Get SALT Encoding   

  12  0:02  Drone  
  13  0:10  Drone  
  14  0:18  Overlord  
  14  0:37  Drone x2  
  14  0:38  Drone  
  17  0:57  Hatchery, Drone  
  16  1:03  Drone  
  18  1:15  Spawning Pool  
  17  1:21  Drone x2  
  19  1:35  Extractor  
  19  1:36  Drone  
  19  1:42  Drone  
  20  1:47  Extractor  
  20  1:53  Drone  
  20  2:12  Queen x2  
  20  2:14  Drone x2  
  26  2:20  Drone x2  
  28  2:33  Drone, Roach Warren  
  28  2:43  Overlord  
  28  2:54  Overlord x2  
  28  2:55  Overlord x2  
  28  2:57  Metabolic Boost  
  28  3:02  Lair  
  28  3:21  Drone  
  28  3:22  Drone x10  
  39  3:37  Roach x2  
  43  3:54  Roach  
  43  3:55  Roach x2  
  49  3:56  Spore Crawler  
  49  3:57  Roach x4  
  49  4:01  Glial Reconstitution  
  56  4:09  Evolution Chamber  
  55  4:10  Evolution Chamber  
  55  4:16  Roach x3  
  60  4:20  Roach  
  62  4:30  Extractor  
  61  4:39  Hatchery  
  61  4:45  Roach x4  
  68  4:47  Overlord x3  
  68  4:48  Overlord  
  68  5:17  Roach  
  68  5:18  Roach x7  
  70  5:58  Ravager  
  70  5:59  Ravager x2  
  75  6:04  Roach  
  75  6:05  Zergling x20  
  85  6:16  Zergling x2  
  85  6:17  Zergling x6  
  71  6:45  Zerg Melee Weapons Level 1  
  71  6:49  Queen  
  73  6:57  Extractor  
  72  7:09  Infestation Pit  
  72  7:10  Drone x2  
  72  7:11  Drone x5  
  72  7:13  Drone x2  
  80  7:16  Zerg Ground Armor Level 1  
  80  7:31  Roach  
  80  7:34  Zergling x2  
  80  7:35  Zergling x12  
  89  7:47  Hive  
  89  7:56  Zergling x2, Spire  
  89  7:57  Zergling x18  
  98  8:00  Overlord x5  
  98  8:22  Pneumatized Carapace  
  98  8:31  Hatchery, Zergling x16  
  98  8:32  Zergling x6  
  108  8:36  Roach  
  108  8:37  Roach x3  
  116  8:43  Zerg Melee Weapons Level 2  
  116  8:51  Zergling x2  
  116  8:52  Zergling x14  
  124  9:14  Zerg Ground Armor Level 2  
  124  9:17  Zergling x2  
  124  9:18  Zergling x10  
  130  9:51  Roach  
  130  9:52  Roach x6  
  110  10:25  Zergling x2  
  110  10:26  Zergling x34  
  124  10:32  Adrenal Glands  
  111  11:02  Zerg Melee Weapons Level 3  
  111  11:03  Zergling x2  
  112  11:04  Zergling x14  
  119  11:15  Drone x5  
  124  11:18  Extractor  
  124  11:20  Extractor  
  75  11:49  Zergling x2  
  75  11:50  Zergling x22  
  41  12:48  Hatchery  
  40  12:54  Hatchery  
  40  12:57  Extractor  
  38  13:20  Zerg Ground Armor Level 3  
  18  15:17  Hatchery  
  17  16:32  Hatchery  
Show
View Real Time Build Order
Export as new Build Order

dallaskuken Protoss 

Build Orders:  

Get SALT Encoding   

  12  0:01  Probe (Chrono Boost)  
  13  0:12  Probe (Chrono Boost)  
  14  0:20  Pylon  
  14  0:24  Probe (Chrono Boost)  
  15  1:07  Gateway  
  15  1:11  Gateway  
  15  1:16  Probe (Chrono Boost)  
  16  1:26  Probe (Chrono Boost)  
  17  1:38  Probe (Chrono Boost)  
  18  1:49  Probe (Chrono Boost)  
  18  1:51  Assimilator  
  19  1:55  Cybernetics Core  
  19  1:58  Zealot x2  
  23  2:03  Pylon  
  23  2:21  Probe (Chrono Boost)  
  23  2:26  Zealot x2  
  27  2:31  Probe (Chrono Boost)  
  27  2:36  Assimilator  
  28  2:37  Warp Gate  
  28  2:42  Forge  
  28  2:43  Pylon  
  28  2:58  Zealot  
  30  3:01  Zealot  
  30  3:03  Probe (Chrono Boost)  
  33  3:15  Probe (Chrono Boost)  
  33  3:16  Protoss Ground Weapons Level 1  
  34  3:25  Zealot  
  37  3:27  Probe (Chrono Boost)  
  37  3:28  Zealot  
  37  3:30  Pylon  
  39  3:46  Pylon  
  39  3:53  Twilight Council  
  39  3:54  Stalker  
  41  3:58  Stalker  
  43  4:15  Gateway  
  43  4:24  Stalker  
  43  4:28  Stalker  
  47  4:35  Charge  
  47  5:13  Sentry  
  49  5:16  Zealot x2  
  45  5:42  Stalker  
  45  5:43  Stalker x2  
  52  6:05  Probe (Chrono Boost)  
  52  6:17  Probe (Chrono Boost)  
  53  6:21  Protoss Ground Weapons Level 2  
  35  6:29  Probe (Chrono Boost)  
  30  6:33  Zealot  
  30  6:34  Zealot x2  
  36  6:50  Probe (Chrono Boost)  
  38  7:01  Sentry x2  
  38  7:02  Probe (Chrono Boost)  
  38  7:03  Zealot  
  44  7:14  Probe (Chrono Boost)  
  45  7:17  Pylon  
  45  7:26  Probe (Chrono Boost)  
  46  7:36  Zealot x2  
  51  7:37  Zealot  
  51  7:38  Probe (Chrono Boost)  
  53  7:56  Templar Archives  
  53  8:10  Adept x3  
  59  8:35  Nexus  
  59  8:42  Pylon  
  59  8:55  High Templar x2  
  63  9:00  Archon  
  63  9:03  Protoss Ground Weapons Level 3  
  63  9:28  Zealot  
  63  9:29  Zealot  
  63  9:30  Zealot  
  69  9:55  Probe (Chrono Boost)  
  70  10:06  Probe (Chrono Boost)  
  71  10:09  Assimilator  
  71  10:10  Pylon  
  71  10:17  Probe (Chrono Boost)  
  72  10:27  Probe (Chrono Boost)  
  73  10:29  Robotics Facility  
  73  10:38  Probe (Chrono Boost)  
  74  10:48  Probe (Chrono Boost)  
  75  10:59  Probe (Chrono Boost)  
  76  11:05  Zealot x3  
  76  11:09  Probe (Chrono Boost)  
  83  11:22  Gateway  
  83  11:25  Protoss Ground Armor Level 1  
  83  11:26  Gateway  
  83  11:27  Gateway  
  83  11:34  Assimilator  
  83  11:41  High Templar x3  
  89  11:52  Archon  
  89  12:21  High Templar  
  91  12:22  High Templar  
  91  12:26  Archon  
  93  12:32  Pylon  
  93  12:34  Pylon  
  93  12:36  Pylon  
  94  12:37  Probe (Chrono Boost)  
  94  12:51  Probe (Chrono Boost)  
  95  12:54  Robotics Bay  
  95  12:57  High Templar  
  97  13:01  Probe (Chrono Boost)  
  97  13:04  Archon  
  98  13:23  Zealot  
  98  13:24  Zealot x4  
  108  13:42  Colossus  
  114  13:59  High Templar  
  114  14:00  High Templar  
  115  14:07  Pylon  
  96  14:23  Archon  
  42  14:57  Zealot x3  
  42  14:58  Zealot x2  
  52  15:04  Extended Thermal Lance  
  44  15:43  Zealot x4  
Show
View Real Time Build Order
Export as new Build Order

BartelB Terran 

Build Orders: MMM Bio 

Get SALT Encoding   

  12  0:01  SCV  
  13  0:13  SCV  
  14  0:25  SCV  
  15  0:29  Supply Depot  
  15  0:33  Refinery  
  15  0:50  SCV  
  16  1:02  SCV  
  17  1:04  Barracks  
  17  1:09  Barracks  
  17  1:15  SCV  
  18  1:27  SCV  
  18  1:29  Supply Depot  
  19  1:38  Refinery  
  19  1:39  SCV  
  20  1:51  SCV, Marine  
  22  1:58  Barracks Tech Lab  
  22  2:02  Factory  
  22  2:09  SCV  
  23  2:18  Marine x2  
  23  2:21  Stimpack  
  25  2:29  SCV  
  26  2:38  Barracks Reactor  
  26  2:42  Orbital Command  
  26  2:49  Starport  
  26  2:53  Marine  
  27  3:15  Marine  
  27  3:16  Marine x2  
  30  3:20  Engineering Bay  
  30  3:23  SCV  
  31  3:28  Supply Depot  
  31  3:41  Supply Depot  
  31  3:50  SCV, Marine x3, Medivac  
  37  4:02  Command Center  
  37  4:19  Supply Depot  
  37  4:22  Engineering Bay  
  37  4:34  Viking  
  39  4:43  Armory  
  39  4:47  Marine x2  
  39  4:48  Marine  
  42  4:53  Widow Mine  
  44  5:05  Liberator, Marine x2  
  44  5:13  Marauder  
  49  5:34  Marauder  
  51  5:44  Marine x2  
  51  5:48  Combat Shields  
  53  5:55  Marauder  
  55  6:06  Missile Turret  
  55  6:07  Orbital Command  
  55  6:08  Supply Depot  
  55  6:10  Missile Turret  
  40  6:37  Marauder, Marine x2  
  44  6:55  Marine x2  
  44  6:56  Supply Depot  
  44  6:58  Marauder, SCV  
  44  6:59  SCV  
  50  7:09  Terran Infantry Weapons Level 1  
  50  7:10  SCV  
  50  7:12  SCV, Marine, Terran Infantry Armor Level 1  
  50  7:13  Marine  
  50  7:14  Starport Reactor  
  54  7:17  Factory Tech Lab  
  54  7:18  Concussive Shells  
  54  7:19  Marine  
  55  7:23  SCV  
  55  7:24  Missile Turret  
  56  7:32  SCV  
  56  7:35  SCV  
  58  7:40  Refinery  
  58  7:43  Refinery  
  58  7:44  SCV, Marine x2  
  58  7:45  Marauder  
  58  7:49  Widow Mine  
  58  7:50  Missile Turret  
  65  7:52  Medivac x2  
  69  8:02  Marine  
  70  8:42  Widow Mine, Medivac x2  
  70  8:43  Marauder, Marine x2  
  80  8:50  Supply Depot  
  80  8:51  Supply Depot  
  80  8:52  Supply Depot  
  80  8:55  Supply Depot  
  80  8:59  Command Center  
  80  9:08  Marauder, Marine  
  80  9:09  Marine  
  84  9:15  Supply Depot  
  84  9:16  Supply Depot  
  84  9:20  Barracks  
  84  9:23  Barracks  
  84  9:26  Marine x2  
  84  9:30  Marauder  
  88  9:33  Terran Infantry Weapons Level 2  
  88  9:43  Terran Infantry Armor Level 2  
  55  11:07  Medivac  
  55  11:08  Medivac  
  59  11:15  SCV  
  59  11:17  Refinery  
  60  11:23  Missile Turret  
  60  11:27  SCV, Missile Turret  
  60  11:31  Missile Turret  
  61  11:37  Marine x3  
  64  11:40  Medivac x2  
  64  11:43  Missile Turret  
  64  11:45  Cyclone  
  71  11:49  Sensor Tower  
  71  11:55  Marine x3  
  71  11:56  Missile Turret  
  74  12:06  Barracks Reactor, Barracks Tech Lab  
  74  12:13  Marine x3  
  77  12:15  Missile Turret  
  77  12:30  Marine  
  77  12:31  Marauder  
  78  12:49  Marauder, Marine  
  78  12:50  Marine x3  
  84  12:53  Marauder  
  86  13:01  Orbital Command  
  86  13:05  SCV  
  87  13:07  Marine  
  87  13:08  Marine x2  
  87  13:11  Marauder  
  92  13:17  Missile Turret  
  92  13:25  Marine  
  92  13:26  Liberator x2, Marine x2  
  92  13:27  Marauder  
  97  13:38  Missile Turret  
  97  13:39  Marauder, Widow Mine  
  101  13:41  Refinery  
  101  13:43  Refinery  
  107  13:49  Marauder, Marine x4  
  113  13:59  Missile Turret  
  113  14:08  Widow Mine  
  101  14:36  Widow Mine  
  92  15:02  Marauder x2, Marine  
  92  15:03  Marine x3  
  92  15:04  Terran Infantry Weapons Level 3  
  92  15:05  Terran Infantry Armor Level 3  
  100  15:09  Widow Mine  
  100  15:12  Medivac x2  
  106  15:20  Marine x4  
  110  15:23  Marauder, Marine  
  112  15:38  Widow Mine, Marine x4  
  112  15:41  Marauder  
  120  15:45  Marauder  
  122  15:52  Viking x2  
  124  16:21  Marauder  
  124  16:22  Marauder, Viking x2, Marine x2  
  134  16:43  Marauder  
  133  17:30  Viking x2  
  137  17:45  Marauder x2, Marine  
  137  17:46  Marine x3  
  145  18:03  Marine x2  
Show
View Real Time Build Order
Export as new Build Order

BubBaKuSh Terran 

Build Orders: MMM Bio 

Get SALT Encoding   

  12  0:02  SCV  
  13  0:14  SCV  
  14  0:26  SCV  
  15  0:32  Supply Depot  
  15  1:03  SCV  
  16  1:07  Barracks  
  16  1:13  Refinery  
  16  1:15  SCV  
  17  1:18  Barracks  
  17  1:31  SCV  
  18  1:38  Supply Depot  
  18  1:45  Refinery  
  18  1:56  Orbital Command  
  18  2:07  Barracks Tech Lab  
  18  2:08  Marine  
  19  2:22  Factory  
  19  2:26  SCV  
  19  2:27  Marine x2  
  22  2:36  Stimpack  
  22  2:38  SCV  
  23  2:44  Marine  
  23  2:45  Marine  
  23  2:50  SCV  
  26  2:53  Engineering Bay  
  26  3:02  Marine x2  
  28  3:10  Starport  
  28  3:13  Factory Tech Lab  
  28  3:16  SCV  
  29  3:23  Missile Turret  
  29  3:31  Terran Infantry Weapons Level 1  
  29  3:37  Supply Depot  
  29  3:49  Medivac  
  31  3:58  Marine x2  
  31  3:59  SCV  
  34  4:05  Siege Tank  
  37  4:11  Supply Depot  
  37  4:35  Marine x2  
  37  4:37  Medivac  
  41  4:52  Marine  
  41  4:53  Marine  
  43  5:00  Command Center  
  43  5:03  Barracks  
  43  5:09  Barracks  
  42  5:56  Marauder, Marine  
  45  5:57  Combat Shields  
  45  5:59  Terran Infantry Armor Level 1  
  45  6:11  Armory  
  45  6:17  Engineering Bay  
  45  6:21  Starport Reactor  
  41  6:48  Marauder, Marine x3  
  46  7:03  Orbital Command  
  46  7:06  Marine x3  
  46  7:08  Siege Tank  
  52  7:10  Marauder  
  54  7:24  Marine  
  55  7:30  Missile Turret  
  55  7:31  Marauder  
  55  7:35  Missile Turret  
  57  7:40  Orbital Command  
  57  7:50  Terran Infantry Weapons Level 2  
  57  7:54  Terran Infantry Armor Level 2  
  57  8:01  Concussive Shells  
  57  8:02  Marauder  
  57  8:03  Barracks Reactor, Barracks Tech Lab  
  57  8:04  Barracks Tech Lab  
  59  8:13  SCV x2  
  61  8:25  SCV  
  62  8:29  Missile Turret  
  62  8:32  Sensor Tower  
  62  8:40  Supply Depot  
  62  8:43  Supply Depot  
  62  8:54  Supply Depot  
  62  9:02  Marauder x2, SCV x2, Marine x2  
  70  9:04  Medivac x2  
  70  9:05  Marauder  
  76  9:14  SCV x2  
  78  9:23  Marine x2  
  78  9:24  Marauder x2  
  84  9:26  Marauder  
  86  9:42  Supply Depot  
  86  9:47  Supply Depot  
  86  9:51  Supply Depot  
  86  10:04  Barracks, Marine x2, Siege Tank  
  91  10:13  Barracks  
  91  10:15  Supply Depot  
  91  10:16  Supply Depot  
  91  10:19  Marauder x2  
  91  10:20  Marauder  
  97  10:21  Marine  
  98  10:41  Marauder  
  100  10:58  Missile Turret  
  100  10:59  Barracks Reactor  
  100  11:01  Barracks Tech Lab  
  100  11:08  Missile Turret  
  100  11:10  Medivac  
  100  11:11  Medivac  
  104  11:15  Refinery  
  104  11:17  Refinery  
  104  11:24  Terran Infantry Weapons Level 3  
  101  12:03  Terran Infantry Armor Level 3  
  99  12:39  Marauder x3, Marine  
  99  12:40  Marauder, Marine x3  
  111  12:57  Marine  
  111  12:58  Marine x3, Siege Tank  
  113  13:00  Marine x2  
  113  13:01  Marauder x2  
  124  13:12  Command Center  
  124  13:15  Marine  
  124  13:16  Marine  
  126  13:21  Supply Depot  
  126  13:22  Supply Depot  
  126  13:24  Supply Depot  
  126  13:43  Marine x2  
  128  14:04  Marauder x2  
  128  14:05  Marauder x2, Marine  
  128  14:06  Marine x3  
  140  14:23  Marine  
  141  14:26  Marauder x4  
  142  14:47  Marauder x2  
  132  14:58  Marauder x2  
  132  14:59  Marine x2  
  137  15:00  Orbital Command  
  137  15:08  Marauder  
  137  15:09  Marauder  
  137  15:12  SCV  
  142  15:45  Marauder x2  
  142  15:46  Marauder x2  
  150  15:50  Orbital Command  
  150  15:58  Missile Turret  
  150  16:37  Command Center  
  150  16:53  Marauder x4  
  150  16:54  Marine x4  
  162  17:12  Marine x4  
  164  17:17  Factory Tech Lab  
  164  17:29  Marine  
  165  17:37  Supply Depot  
  165  17:39  Supply Depot  
  165  17:48  Marine x3  
  165  17:49  Marauder x4, Orbital Command  
  165  17:50  Missile Turret  
  176  18:09  Marine  
Tags
 
Add a new tag
Caveats
  • Supply blocks, unpowered buildings, or Contaminate may cause inaccurate times.
  • Supply counts are checked every 10 seconds.